[Event "Titled Tuesday Blitz April 26 Late 2022"]
[White "Derraugh, Geordie"]
[Black "Pasti, Aron"]
[WhiteFideId "2603950"]
[BlackFideId "785857"]
[WhiteElo "2116"]
[BlackElo "2133"]
[Result "0-1"]
[Round "07"]
[TimeControl "180+1"]
[Date "2022.04.26"]
[WhiteClock "0:00:03"]
[BlackClock "0:00:16"]

1. e4 c5 2. Nf3 e6 3. g3 Nc6 4. Bg2 g6 5. O-O Bg7 6. c3 Nge7 7. d4 cxd4 8. cxd4 d5 9. exd5 Nxd5 10. Nc3 O-O 11. Re1 Nde7 12. Bg5 h6 13. Be3 Nf5 14. Qd2 Nfxd4 15. Nxd4 Nxd4 16. Bxh6 Bxh6 17. Qxh6 Qf6 18. Ne4 Qg7 19. Qd2 Rd8 20. Qc3 Bd7 21. Nd6 Bc6 22. Nxb7 Bxg2 23. Nxd8 Bd5 24. Re3 Rxd8 25. Rd1 Bb7 26. Rdd3 Rc8 27. Qd2 Qf6 28. f4 Nf5 29. Re5 Kg7 30. Rd7 Bc6 31. Rxa7 Rd8 32. Qe2 Nd4 33. Qe3 Nf3+ 34. Kf2 Nxe5 35. Qxe5 Qxe5 36. fxe5 Rd2+ 37. Ke3 Rxb2 38. h4 Bd5 39. a3 Rb3+ 40. Kf4 Rf3+ 41. Kg4 Rf5 42. a4 Rxe5 43. a5 Re4+ 44. Kh3 Ra4 45. Ra6 e5 46. Ra7 e4 47. Kh2 e3 48. Re7 Be4 49. Kg1 Ra1+ 0-1


[Site "https://www.chess.com"]

[Event "Titled Tuesday Blitz April 26 Late 2022"]
[White "Domingo Nunez, Alejandro"]
[Black "Pakleza, Zbigniew"]
[WhiteFideId "22245561"]
[BlackFideId "1119290"]
[WhiteElo "2215"]
[BlackElo "2467"]
[Result "1-0"]
[Round "07"]
[TimeControl "180+1"]
[Date "2022.04.26"]
[WhiteClock "0:00:22"]
[BlackClock "0:00:02"]

1. Nf3 d5 2. g3 Nf6 3. Bg2 Bf5 4. O-O e6 5. d3 Be7 6. b3 O-O 7. Bb2 h6 8. Nbd2 c6 9. Ne5 a5 10. a4 Bh7 11. e4 Nbd7 12. Qe2 Qc7 13. Nxd7 Nxd7 14. f4 Rfe8 15. Kh1 Rad8 16. g4 dxe4 17. dxe4 Nc5 18. Nc4 Bf6 19. Bxf6 gxf6 20. Qe3 b6 21. f5 Kg7 22. Rf3 exf5 23. gxf5 Nxe4 24. Rf4 Nd6 25. Qg3+ Kf8 26. Rd4 Re2 27. Rad1 Bxf5 28. Nxd6 Bxc2 29. Rf1 1-0


[Site "https://www.chess.com"]

[Event "Titled Tuesday Blitz April 26 Late 2022"]
[White "Donchenko, Alexander"]
[Black "Le Goff, Ronan"]
[WhiteFideId "24603295"]
[BlackFideId "612073"]
[WhiteElo "2539"]
[BlackElo "2276"]
[Result "1-0"]
[Round "07"]
[TimeControl "180+1"]
[Date "2022.04.26"]
[WhiteClock "0:02:29"]
[BlackClock "0:00:57"]

1. d4 Nf6 2. Nf3 d5 3. c4 e6 4. g3 Bb4+ 5. Bd2 Be7 6. Bg2 O-O 7. O-O c6 8. Qc2 a5 9. Bf4 Na6 10. Rd1 Nb4 11. Qc1 b5 12. c5 Ne4 13. a4 Ba6 14. Nc3 bxa4 15. Nd2 Nxc3 16. bxc3 Bxe2 17. cxb4 Bxd1 18. Qxd1 axb4 19. Rxa4 Bf6 20. Rxb4 Qa5 21. Qb1 g5 22. Be3 Be5 23. dxe5 1-0


[Site "https://www.chess.com"]

[Event "Titled Tuesday Blitz April 26 Late 2022"]
[White "Fedoseev, Vladimir"]
[Black "Kollars, Dmitrij"]
[WhiteFideId "24130737"]
[BlackFideId "12909572"]
[WhiteElo "2726"]
[BlackElo "2584"]
[Result "0-1"]
[Round "07"]
[TimeControl "180+1"]
[Date "2022.04.26"]
[WhiteClock "0:00:01"]
[BlackClock "0:00:15"]

1. e4 e5 2. Nf3 Nc6 3. Bb5 a6 4. Ba4 Nf6 5. d3 d6 6. h3 b5 7. Bb3 Na5 8. Nc3 Be7 9. O-O O-O 10. Bd2 c5 11. Nd5 Nxb3 12. Nxe7+ Qxe7 13. axb3 h6 14. Qe2 Be6 15. Nh2 Nd7 16. f4 exf4 17. Rxf4 Ne5 18. Raf1 f6 19. b4 Rae8 20. bxc5 dxc5 21. Bc3 a5 22. Bxe5 fxe5 23. Rxf8+ Rxf8 24. Nf3 Qd6 25. Qd2 a4 26. Qa5 Bd7 27. Qc3 Re8 28. b3 b4 29. Qc4+ Be6 30. Qb5 Bd7 31. Qb7 a3 32. Nd2 Be6 33. Kh2 Rf8 34. Nf3 Rf7 35. Qa8+ Kh7 36. Qa5 Rf6 37. Qa8 Bf7 38. Qa7 Bh5 39. g4 Bf7 40. Kg2 Rf4 41. Rf2 h5 0-1


[Site "https://www.chess.com"]

[Event "Titled Tuesday Blitz April 26 Late 2022"]
[White "Fiol, Fabrice"]
[Black "Pesotskiy, Mikhail"]
[WhiteFideId "611670"]
[BlackFideId "34164453"]
[WhiteElo "2458"]
[BlackElo "2010"]
[Result "0-1"]
[Round "07"]
[TimeControl "180+1"]
[Date "2022.04.26"]
[WhiteClock "0:00:08"]
[BlackClock "0:00:08"]

1. e4 e6 2. d3 c5 3. g3 Nc6 4. Bg2 d6 5. f4 g6 6. Nf3 Bg7 7. c3 Nge7 8. O-O O-O 9. h3 b5 10. g4 f5 11. exf5 exf5 12. g5 Bb7 13. Qb3+ Kh8 14. Qxb5 Na5 15. Qa4 Bc6 16. Qc2 Nd5 17. Na3 Re8 18. Re1 Qd7 19. Bd2 Ba4 20. b3 Bc6 21. Nc4 Nxc4 22. bxc4 Nb6 23. Rxe8+ Rxe8 24. Re1 Ba4 25. Qc1 Kg8 26. Rxe8+ Qxe8 27. Qe1 Kf7 28. Qxe8+ Kxe8 29. Bf1 Bc2 30. Ne1 Bb1 31. a3 Na4 32. h4 Nxc3 33. h5 Na4 34. hxg6 hxg6 35. Nf3 Bb2 36. Nh4 Kf7 37. Bg2 Bxd3 38. Bd5+ Kg7 39. Bc6 Nb6 40. Be8 Nxc4 41. Be1 Nxa3 42. Bxg6 Nc2 43. Bd2 Nd4 44. Kf2 c4 45. Be3 a5 46. Be8 Ne6 47. Bd7 Nd4 48. Ke1 Nc2+ 49. Kd2 Nxe3 50. Kxe3 d5 51. Nxf5+ Bxf5 52. Bxf5 d4+ 53. Kd2 Bc3+ 54. Kc2 Bb4 55. Be6 d3+ 56. Kd1 c3 57. Bb3 Kg6 58. Bc4 c2+ 59. Kc1 Ba3+ 60. Kd2 c1=Q+ 61. Kxd3 Qd1+ 62. Ke4 Qe1+ 63. Kf3 Qc3+ 64. Kg4 Qxc4 65. Kh4 Qxf4+ 66. Kh3 Qxg5 67. Kh2 Kf5 68. Kh1 Kf4 69. Kh2 Kf3 70. Kh1 Qg2# 0-1


[Site "https://www.chess.com"]

[Event "Titled Tuesday Blitz April 26 Late 2022"]
[White "Fiorito, Fabian"]
[Black "Tregubov, Pavel V."]
[WhiteFideId "100200"]
[BlackFideId "4115341"]
[WhiteElo "2395"]
[BlackElo "2341"]
[Result "1/2-1/2"]
[Round "07"]
[TimeControl "180+1"]
[Date "2022.04.26"]
[WhiteClock "0:00:09"]
[BlackClock "0:00:08"]

1. e4 e5 2. Nf3 Nf6 3. Nc3 Nc6 4. d4 exd4 5. Nxd4 Bb4 6. Nxc6 bxc6 7. Bd3 d5 8. Bd2 O-O 9. O-O Re8 10. Nxd5 Nxd5 11. exd5 Bxd2 12. Qxd2 cxd5 13. Rae1 Bb7 14. Qb4 Rb8 15. Qd4 a6 16. b4 Qd6 17. c3 g6 18. h3 Qb6 19. a3 a5 20. Rb1 Qxd4 21. cxd4 axb4 22. Rxb4 Bc6 23. Rc1 Rxb4 24. axb4 Ba4 25. Rxc7 Rb8 26. Rc5 Rxb4 27. Rxd5 Kf8 28. f3 Ke7 29. Kf2 Bc6 30. Re5+ Kd6 31. Ke3 Rb2 32. Be2 Bd5 33. Re8 Be6 34. g4 Rb3+ 35. Kf2 Rb2 36. Ke3 Rb3+ 37. Kf4 Rb4 38. Kg5 Rxd4 39. Kh6 Ra4 40. Rd8+ Ke5 41. Rd2 Kf4 42. h4 Kg3 43. h5 gxh5 44. Kxh5 f5 45. Rd6 fxg4 46. Rxe6 Ra5+ 47. Kh6 gxf3 48. Bxf3 Kxf3 49. Kxh7 Kf4 50. Rh6 Rg5 51. Ra6 Kg4 52. Ra4+ Kf5 53. Ra5+ Kf4 54. Rxg5 Kxg5 1/2-1/2


[Site "https://www.chess.com"]

[Event "Titled Tuesday Blitz April 26 Late 2022"]
[White "Fishbein, Alexander"]
[Black "Vujic, Mihailo"]
[WhiteFideId "2000377"]
[BlackFideId "918873"]
[WhiteElo "2442"]
[BlackElo "2256"]
[Result "1-0"]
[Round "07"]
[TimeControl "180+1"]
[Date "2022.04.26"]
[WhiteClock "0:00:39"]
[BlackClock "0:00:18"]

1. e4 e5 2. Nf3 Nc6 3. Bb5 f5 4. d3 fxe4 5. dxe4 Nf6 6. Qd3 Bc5 7. O-O d6 8. Bc4 Qe7 9. Nc3 Be6 10. Bg5 O-O 11. Nd5 Bxd5 12. Bxd5+ Kh8 13. Bb3 Qe8 14. h3 Qg6 15. Bxf6 gxf6 16. Nh4 Qg5 17. Nf5 Nd4 18. Nxd4 Bxd4 19. c3 Bb6 20. Qf3 f5 21. exf5 Rxf5 22. Qxb7 Raf8 23. Kh1 R5f6 24. a4 Rf4 25. a5 Bxf2 26. Qxc7 R4f6 27. Qe7 Qg3 28. Rad1 a6 29. Rxd6 Bc5 30. Qxf8+ Rxf8 31. Rxf8+ Kg7 32. Rg8# 1-0


[Site "https://www.chess.com"]

[Event "Titled Tuesday Blitz April 26 Late 2022"]
[White "Girsh, Daniel"]
[Black "Sliwicka, Alicja"]
[WhiteFideId "30949190"]
[BlackFideId "1150677"]
[WhiteElo "2360"]
[BlackElo "2120"]
[Result "0-1"]
[Round "07"]
[TimeControl "180+1"]
[Date "2022.04.26"]
[WhiteClock "0:00:01"]
[BlackClock "0:00:44"]

1. e4 c5 2. Nf3 d6 3. Bb5+ Bd7 4. Bxd7+ Qxd7 5. c4 e5 6. Nc3 g6 7. d3 Bg7 8. Bg5 f6 9. Be3 Ne7 10. a3 Nbc6 11. Rb1 a5 12. Nd5 Nxd5 13. cxd5 Nd4 14. Bxd4 exd4 15. O-O O-O 16. a4 b5 17. b3 Rab8 18. Nd2 f5 19. axb5 Rxb5 20. f4 Qb7 21. Qe2 Re8 22. Rfe1 Rb4 23. Qf3 fxe4 24. Nxe4 Qd7 25. Ra1 Rxb3 26. Rxa5 c4 27. Rd1 cxd3 28. g4 Rxe4 29. Qxe4 Qxg4+ 30. Qg2 Qxd1+ 31. Qf1 Qg4+ 32. Kh1 Rb8 33. Qe1 Qf5 34. Ra7 Qxd5+ 35. Kg1 d2 36. Qxd2 Rf8 37. Qb2 Rxf4 38. Qb8+ Rf8 39. Qc7 Qe5 0-1


[Site "https://www.chess.com"]

[Event "Titled Tuesday Blitz April 26 Late 2022"]
[White "Gutierrez Olivares, Daniel"]
[Black "Torres Cueto, Jesus Marcial"]
[WhiteFideId "2264005"]
[BlackFideId "4415280"]
[WhiteElo "2317"]
[BlackElo "2055"]
[Result "0-1"]
[Round "07"]
[TimeControl "180+1"]
[Date "2022.04.26"]
[WhiteClock "0:00:11"]
[BlackClock "0:00:19"]

1. Nf3 e6 2. g3 d5 3. c4 Nf6 4. Bg2 Be7 5. O-O O-O 6. b3 b6 7. Bb2 Bb7 8. e3 Nbd7 9. d4 c5 10. Nc3 cxd4 11. Nxd4 Rb8 12. cxd5 exd5 13. Nf5 Nc5 14. Nxd5 Nxd5 15. Bxd5 Bf6 16. Bxb7 Bxb2 17. Rb1 Qf6 18. Qc2 Rxb7 19. Rxb2 g6 20. Nh6+ Kg7 21. Ng4 Qe6 22. Qc3+ f6 23. Qc4 Qxc4 24. bxc4 h5 25. Nxf6 Rxf6 26. Rfb1 Rd7 27. Kg2 Rfd6 28. Re2 Rd2 29. Rb2 Rxb2 30. Rxb2 Kf6 31. f4 Kf5 32. Kf3 Ne4 33. Rb5+ Nc5 34. h3 Rd3 35. g4+ hxg4+ 36. hxg4+ Kf6 37. Ke2 Ra3 38. Rb2 g5 39. Rd2 gxf4 40. exf4 Rc3 41. Rd6+ Ke7 42. Rd4 Rc2+ 43. Kf3 Rc3+ 44. Ke2 Rc2+ 45. Kf3 Rxa2 46. f5 Kf6 47. Rd6+ Ke5 48. Rd5+ Kf6 49. Rd6+ Ke7 50. Rh6 Rc2 51. g5 Rxc4 52. Rh7+ Kf8 53. f6 Ne6 54. g6 Rf4+ 55. Ke3 Rxf6 56. Rxa7 Rxg6 57. Ra8+ Ke7 58. Rb8 Nc5 59. Kf4 Rd6 60. Ke3 Ke6 61. Rh8 Kd5 62. Kd2 b5 63. Kc2 Kc6 64. Rc8+ Kb6 65. Rb8+ Nb7 66. Kb3 Rd4 67. Rh8 Rg4 68. Rh3 Ka5 69. Ka3 Nc5 70. Kb2 Ka4 71. Ra3+ Kb4 72. Rf3 Rg2+ 73. Kc1 Kc4 74. Rf4+ Kb3 75. Rf2 Rxf2 0-1


[Site "https://www.chess.com"]

[Event "Titled Tuesday Blitz April 26 Late 2022"]
[White "Hardaway, Brewington"]
[Black "Svane, Frederik"]
[WhiteFideId "30941849"]
[BlackFideId "12923044"]
[WhiteElo "1768"]
[BlackElo "2459"]
[Result "0-1"]
[Round "07"]
[TimeControl "180+1"]
[Date "2022.04.26"]
[WhiteClock "0:00:09"]
[BlackClock "0:00:16"]

1. Nf3 c5 2. e3 Nf6 3. d4 e6 4. c4 cxd4 5. exd4 d5 6. Nc3 Nc6 7. Bg5 Be7 8. Bd3 dxc4 9. Bxc4 O-O 10. O-O b6 11. Bxf6 Bxf6 12. d5 Na5 13. Bb5 Bxc3 14. bxc3 Qxd5 15. Qxd5 exd5 16. Rad1 Be6 17. Nd4 Rad8 18. Rfe1 Rd6 19. f4 g6 20. h3 Nb7 21. g4 Nc5 22. f5 Bd7 23. Bxd7 Rxd7 24. Nc6 Kg7 25. Ne7 Rfd8 26. Nc6 Rc8 27. Nb4 Na4 28. Nxd5 Rcd8 29. f6+ Kh6 30. c4 b5 31. h4 bxc4 32. Re7 Rxd5 33. Rxd5 Rxd5 34. Rxf7 g5 35. h5 c3 0-1


[Site "https://www.chess.com"]

[Event "Titled Tuesday Blitz April 26 Late 2022"]
[White "Harshavardhan G B"]
[Black "Lehtosaari, Mauri"]
[WhiteFideId "25059009"]
[BlackFideId "501999"]
[WhiteElo "1831"]
[BlackElo "2533"]
[Result "0-1"]
[Round "07"]
[TimeControl "180+1"]
[Date "2022.04.26"]
[WhiteClock "0:00:11"]
[BlackClock "0:00:15"]

1. e4 d5 2. exd5 Qxd5 3. Nc3 Qe5+ 4. Nge2 Nf6 5. g3 c6 6. Bg2 Bg4 7. O-O e6 8. d4 Qa5 9. Bf4 Be7 10. h3 Bh5 11. a3 O-O 12. b4 Qb6 13. Rb1 a6 14. a4 Nd5 15. Nxd5 cxd5 16. c3 Nd7 17. Qd2 Rac8 18. Rbc1 Nf6 19. g4 Bg6 20. Ng3 Qc6 21. Qd1 h6 22. Be3 Bd6 23. f4 Be4 24. g5 Bxg2 25. Kxg2 hxg5 26. fxg5 Ne4 27. Nxe4 dxe4 28. h4 Qd5 29. Qg4 g6 30. h5 Kg7 31. Rh1 Rh8 32. hxg6 fxg6 33. b5 Qf5 34. Qxf5 exf5 35. c4 f4 36. Bd2 f3+ 37. Kf2 Rxh1 38. Rxh1 Rxc4 39. bxa6 bxa6 40. Rb1 Rxa4 41. Rb7+ Kf8 42. Rb6 Ke7 43. Rb2 Rc4 44. Be3 a5 45. d5 a4 46. Rb7+ Kd8 47. Bb6+ Kc8 48. Rg7 a3 49. Ra7 Rb4 50. Be3 Rb2+ 51. Ke1 a2 52. Bd4 Re2+ 53. Kf1 Bh2 54. Ra6 Bg3 55. Bc3 e3 56. Rc6+ Kd7 57. Ra6 Rh2 58. Ra7+ Kd6 59. Kg1 Kxd5 60. Ra5+ Ke4 61. Be1 Bxe1 62. Kxh2 e2 63. Rxa2 Ke3 64. Kg1 f2+ 65. Kh2 f1=Q 66. Ra3+ Ke4 67. Re3+ Kf5 68. Re5+ Kg4 69. Re4+ Qf4+ 70. Kg1 Kxg5 71. Rxe2 Qg4+ 72. Rg2 Qxg2+ 73. Kxg2 Bc3 74. Kg1 Bf6 75. Kg2 Kf4 76. Kg1 g5 77. Kg2 g4 78. Kg1 g3 79. Kg2 Kg4 80. Kg1 Kf3 81. Kf1 g2+ 82. Kg1 Bd4+ 83. Kh2 g1=Q+ 84. Kh3 Qg3# 0-1


[Site "https://www.chess.com"]

[Event "Titled Tuesday Blitz April 26 Late 2022"]
[White "Hirneise, Jens"]
[Black "Ansh M Shah"]
[WhiteFideId "24614734"]
[BlackFideId "25033379"]
[WhiteElo "2359"]
[BlackElo "1819"]
[Result "1-0"]
[Round "07"]
[TimeControl "180+1"]
[Date "2022.04.26"]
[WhiteClock "0:00:20"]
[BlackClock "0:00:01"]

1. c4 Nf6 2. Nc3 c5 3. Nf3 Nc6 4. d4 cxd4 5. Nxd4 Nxd4 6. Qxd4 g6 7. e4 d6 8. Be2 Bg7 9. O-O O-O 10. Qe3 a6 11. a4 Be6 12. a5 Rc8 13. Nd5 Nd7 14. Ra2 Ne5 15. b3 Nc6 16. Bd2 Nd4 17. Bd1 Bxd5 18. exd5 e5 19. dxe6 fxe6 20. Bc3 e5 21. Bg4 Rb8 22. Rd1 b5 23. axb6 Qxb6 24. b4 Qc6 25. Qd3 Ra8 26. Bxd4 exd4 27. Be6+ Kh8 28. Bd5 Qb6 29. Bxa8 Rxa8 30. c5 dxc5 31. bxc5 Qxc5 32. Rxa6 Rf8 33. Ra2 Qe7 34. g3 Qf6 35. h4 h5 36. Rdd2 Kh7 37. Ra6 Qf5 38. Ra7 Qf6 39. Kh2 Rf7 40. Ra6 Qf5 41. Qc4 1-0


[Site "https://www.chess.com"]

[Event "Titled Tuesday Blitz April 26 Late 2022"]
[White "Janaszak, Dawid"]
[Black "Xu, Yi"]
[WhiteFideId "1119206"]
[BlackFideId "8605564"]
[WhiteElo "2199"]
[BlackElo "2471"]
[Result "0-1"]
[Round "07"]
[TimeControl "180+1"]
[Date "2022.04.26"]
[WhiteClock "0:00:39"]
[BlackClock "0:00:57"]

1. e4 c5 2. Nc3 d6 3. d4 cxd4 4. Qxd4 Nc6 5. Qd2 g6 6. b3 Bh6 7. f4 f5 8. Bb2 Nf6 9. O-O-O fxe4 10. h3 Nh5 11. Nge2 Rf8 12. Nxe4 Nxf4 13. Kb1 Bf5 14. N2g3 Qc7 15. Nc3 O-O-O 16. Nd5 Nxd5 17. Qxh6 Bxc2+ 18. Ka1 Bxd1 19. Bc4 Ndb4 20. Rxd1 d5 0-1


[Site "https://www.chess.com"]

[Event "Titled Tuesday Blitz April 26 Late 2022"]
[White "Kanyamarala, Tarun"]
[Black "Tanenbaum, Zachary"]
[WhiteFideId "45004714"]
[BlackFideId "2060850"]
[WhiteElo "2177"]
[BlackElo "2168"]
[Result "1-0"]
[Round "07"]
[TimeControl "180+1"]
[Date "2022.04.26"]
[WhiteClock "0:00:28"]
[BlackClock "0:00:04"]

1. d4 d5 2. Bf4 Nf6 3. e3 c5 4. Nf3 Nc6 5. Nbd2 cxd4 6. exd4 Qb6 7. Nb3 Bg4 8. h3 Bh5 9. g4 Bg6 10. Ne5 e6 11. Nxg6 hxg6 12. a4 a5 13. Bb5 Qd8 14. Qf3 Bd6 15. Kf1 Ne4 16. Kg2 O-O 17. h4 g5 18. Bxd6 Qxd6 19. hxg5 f5 20. Qh3 fxg4 21. Qh7+ Kf7 22. Nc5 Qf4 23. Nxe4 Qf3+ 24. Kg1 dxe4 25. g6+ Ke7 26. Qh4+ Rf6 27. Qg3 Nxd4 28. Qc7+ Kf8 29. Rh8# 1-0


[Site "https://www.chess.com"]

[Event "Titled Tuesday Blitz April 26 Late 2022"]
[White "Karttunen, Mika"]
[Black "Janik, Igor"]
[WhiteFideId "502081"]
[BlackFideId "1159259"]
[WhiteElo "2343"]
[BlackElo "2437"]
[Result "0-1"]
[Round "07"]
[TimeControl "180+1"]
[Date "2022.04.26"]
[WhiteClock "0:00:27"]
[BlackClock "0:00:35"]

1. d4 d6 2. e4 Nf6 3. f3 e6 4. Be3 Be7 5. c4 O-O 6. Nc3 c5 7. dxc5 dxc5 8. Qxd8 Rxd8 9. e5 Nfd7 10. f4 Nc6 11. Nf3 b6 12. O-O-O Bb7 13. Bd3 Nb4 14. Bb1 Bxf3 15. gxf3 Rac8 16. h4 h5 17. Ne2 g6 18. a3 Nc6 19. Bd3 Ndb8 20. Kb1 Kf8 21. Ng3 Rc7 22. Bc2 Rxd1+ 23. Bxd1 Rd7 24. Ne4 Rd3 25. Bf2 Nd4 26. Bxd4 Rxd4 27. Be2 Nc6 28. Kc2 Ke8 29. Kc3 Kd8 30. b3 Kc7 31. Rh2 Bf8 32. Rg2 Bh6 33. Nd6 Rxf4 34. b4 Bf8 35. bxc5 bxc5 36. Nb5+ Kb8 37. Rg1 a6 38. Nd6 Nxe5 39. Ne4 Nxf3 40. Rb1+ Kc7 41. Bd3 Ne5 42. Bc2 Rf3+ 43. Kd2 Nxc4+ 44. Ke2 Rh3 45. Ng5 Rh2+ 46. Kd3 Rxc2 47. Rf1 Nxa3 48. Rxf7+ Kb6 49. Rxf8 c4+ 50. Kd4 Rd2+ 51. Kc3 Rd3+ 52. Kb4 Rb3+ 53. Ka4 Nb5 54. Nxe6 Nc3# 0-1


[Site "https://www.chess.com"]

[Event "Titled Tuesday Blitz April 26 Late 2022"]
[White "Kashefi, Amir Hosein"]
[Black "Remolar Gallen, Jose"]
[WhiteFideId "12557935"]
[BlackFideId "2215187"]
[WhiteElo "2008"]
[BlackElo "2205"]
[Result "1-0"]
[Round "07"]
[TimeControl "180+1"]
[Date "2022.04.26"]
[WhiteClock "0:00:03"]
[BlackClock "0:00:01"]

1. e4 c5 2. Nf3 d6 3. d4 cxd4 4. Nxd4 Nf6 5. Nc3 a6 6. Bg5 e6 7. Qf3 Be7 8. O-O-O Qc7 9. g4 Nbd7 10. Qg2 b5 11. f4 Bb7 12. Bd3 b4 13. Nce2 Nc5 14. Bxf6 gxf6 15. Kb1 O-O-O 16. h4 Kb8 17. g5 Rhg8 18. Qf3 f5 19. Ng3 Rc8 20. Qe3 fxe4 21. Nxe4 Nxe4 22. Bxe4 Bxe4 23. Qxe4 d5 24. Qxh7 Bc5 25. Nb3 Rh8 26. Qd3 Bd6 27. Rdf1 Bxf4 28. Qxa6 Qxc2+ 29. Ka1 Be3 30. Rxf7 Rc7 31. Rxc7 Qxc7 32. Qxe6 d4 33. g6 Rc8 34. Rb1 Bh6 35. h5 d3 36. Qf5 d2 37. Qb5+ Qb7 38. Qe5+ Ka8 39. Qd4 Qa7 40. Qd5+ Qb7 41. Qd3 Rb8 42. Nxd2 Qa7 43. Nb3 Rb6 44. Qd8+ Kb7 45. Qd5+ Kb8 46. Qe5+ Kb7 47. Qe7+ Kb8 48. Qxa7+ Kxa7 49. Rg1 Bg7 50. Kb1 Rb5 51. h6 Bxh6 52. g7 Bxg7 53. Rxg7+ Kb6 54. Rg4 Kb7 55. Nd2 Kc6 56. Nf3 Kd6 57. Nd4 Rh5 58. Rg6+ Kc5 59. Nb3+ Kc4 60. Rc6+ Kb5 61. Rc5+ Rxc5 62. Nxc5 Kxc5 63. Kc2 Kc4 64. b3+ Kd4 65. Kd2 Ke4 66. Ke2 Kd4 67. Kd2 Ke4 68. Kc2 Kd4 69. Kb2 Kc5 70. Kc1 Kd5 71. Kd1 Ke5 72. Ke2 Ke4 73. Kd2 Kd4 74. Kc2 Ke4 75. Kd1 Kd3 76. Kc1 Kc3 77. Kb1 Kd3 78. Kb2 Kd4 79. a4 bxa3+ 80. Kxa3 Kc5 81. Ka4 Kc6 82. Ka5 Kc7 83. Ka6 Kc8 84. b4 Kb8 85. b5 Kc8 86. Ka7 Kc7 87. b6+ 1-0


[Site "https://www.chess.com"]

[Event "Titled Tuesday Blitz April 26 Late 2022"]
[White "Kostiukov, Alexandr"]
[Black "Sailer, Mike"]
[WhiteFideId "14108100"]
[BlackFideId "2012901"]
[WhiteElo "2202"]
[BlackElo "2109"]
[Result "0-1"]
[Round "07"]
[TimeControl "180+1"]
[Date "2022.04.26"]
[WhiteClock "0:00:09"]
[BlackClock "0:00:09"]

1. e4 d5 2. exd5 Qxd5 3. Nc3 Qd6 4. g3 Nf6 5. Bg2 c6 6. Nge2 Bf5 7. O-O e6 8. d4 Be7 9. Bf4 Qd8 10. h3 h6 11. g4 Bh7 12. Ng3 Nbd7 13. Re1 Nb6 14. Nce2 Nbd5 15. Bd2 b5 16. b3 b4 17. Rc1 O-O 18. c4 bxc3 19. Nxc3 Nb4 20. Nce4 Nd3 21. Ba5 Qxa5 22. Qxd3 Nd5 23. a4 Rab8 24. Qf3 Ba3 25. Rcd1 Bb4 26. Re2 f5 27. gxf5 exf5 28. Nc5 Nc3 29. Rdd2 Nxe2+ 30. Rxe2 Bxc5 31. dxc5 Qxc5 32. Qxc6 Qxc6 33. Bxc6 Kh8 34. Bd5 Bg8 35. Bxg8 Kxg8 36. Rb2 Rb4 37. Ne2 Rfb8 38. Nc1 Rxa4 39. Nd3 Ra1+ 40. Kg2 Rd1 41. Nf4 g5 42. Ne6 Rb6 43. Nc5 Rd5 44. b4 Rxc5 45. Ra2 Rc7 46. Ra5 f4 47. h4 Rg7 48. hxg5 hxg5 49. Kf3 Rxb4 50. Rc5 g4+ 51. Kg2 Rb2 52. Rc7 Rxc7 53. Kf1 Rcc2 54. Kg2 Rxf2+ 55. Kg1 Rfc2 56. Kh1 Rc1# 0-1


[Site "https://www.chess.com"]

[Event "Titled Tuesday Blitz April 26 Late 2022"]
[White "Kozak, Adam"]
[Black "Rosen, Eric"]
[WhiteFideId "753246"]
[BlackFideId "2032562"]
[WhiteElo "2459"]
[BlackElo "2362"]
[Result "1-0"]
[Round "07"]
[TimeControl "180+1"]
[Date "2022.04.26"]
[WhiteClock "0:00:39"]
[BlackClock "0:00:38"]

1. Nf3 d5 2. g3 Nf6 3. Bg2 e6 4. O-O Be7 5. d4 b5 6. a4 b4 7. c4 bxc3 8. bxc3 O-O 9. c4 a5 10. Ba3 Na6 11. Ne5 Bxa3 12. Nxa3 Nb4 13. cxd5 Nfxd5 14. Qd2 Ba6 15. Rfc1 Qd6 16. Nac4 Bxc4 17. Nxc4 Qe7 18. Rab1 c5 19. e4 Nf6 20. d5 exd5 21. exd5 Rad8 22. d6 Qa7 23. Rb3 Rfe8 24. Re3 Qd7 25. Rce1 Rxe3 26. Rxe3 Qxa4 27. Ra3 Qb5 28. Bf1 a4 29. Qd1 Nbd5 30. Qd2 h5 31. Qc2 Qd7 32. Rxa4 Nb4 33. Qb3 Qf5 34. h3 Ne4 35. Qe3 Nxd6 36. Nxd6 Rxd6 37. Ra8+ Kh7 38. Qe8 Kg6 39. Ra3 Rf6 40. Qe3 Nc2 41. Qd2 c4 42. Rc3 Nd4 43. Qxd4 Re6 44. Rxc4 Kh6 45. Qd2+ g5 46. Rd4 Qf6 47. h4 Re5 48. Rd6 Re6 49. Rxe6 fxe6 50. hxg5+ Qxg5 51. Qxg5+ Kxg5 52. Kg2 h4 53. Kf3 e5 54. gxh4+ Kxh4 55. Ke4 Kg4 56. f3+ Kg3 57. Bc4 Kf2 58. Be6 Kg3 59. Bg4 Kh4 60. Kxe5 Kg5 61. Ke6 Kg6 62. Kd7 Kg5 63. Kc6 Kf4 64. Kb5 Kg5 65. Ka4 Kf4 66. Ka3 Kg5 67. Ka2 Kf4 68. Ka1 Ke5 69. Kb1 Kf4 70. Kc1 Ke5 71. Kd1 Kf4 72. Ke1 Ke3 73. Kf1 Kf4 74. Kg1 Kg3 75. Kh1 Kh4 76. Kh2 Kg5 77. Kg3 Kf6 78. f4 Kg6 79. f5+ Kf6 80. Bh3 Kg5 81. Kf3 Kf6 82. Kf4 Kg7 83. Bf1 Kf7 84. Be2 Kf6 85. Bd1 Kg7 86. Bc2 Kf6 87. Bb3 Kg7 88. Ba4 Kf6 89. Bb5 Kg7 90. Bc4 Kf6 91. Bd3 Kg7 92. Be4 Kf6 93. Bf3 Kg7 94. Bg4 Kf6 95. Bh3 Kg7 96. Kg5 Kf7 97. Bg4 Kg7 98. f6+ Kh7 99. Bf3 Kg8 100. Bg2 Kf7 101. Bf1 Kg8 102. Be2 Kf7 103. Bd1 Kg8 104. Bc2 Kf7 105. Ba4 Kg8 106. Bb5 Kh7 107. Ba6 Kg8 108. Bb7 Kh7 109. Ba8 Kg8 110. Kg6 Kh8 111. Bg2 Kg8 112. f7+ Kf8 113. Bf1 1-0


[Site "https://www.chess.com"]

[Event "Titled Tuesday Blitz April 26 Late 2022"]
[White "Kozin, Yuri"]
[Black "Kujawski, Adam"]
[WhiteFideId "4129920"]
[BlackFideId "1100920"]
[WhiteElo "2573"]
[BlackElo "2053"]
[Result "1-0"]
[Round "07"]
[TimeControl "180+1"]
[Date "2022.04.26"]
[WhiteClock "0:01:13"]
[BlackClock "0:00:04"]

1. e4 e5 2. Nf3 Nc6 3. Bb5 a6 4. Ba4 Nf6 5. O-O Be7 6. Re1 b5 7. Bb3 d6 8. c3 O-O 9. h3 Nb8 10. d3 Nbd7 11. Nbd2 h6 12. Nf1 Re8 13. a4 Bb7 14. Ng3 Bf8 15. Nf5 Nc5 16. Bc2 bxa4 17. Bxa4 Nxa4 18. Qxa4 Qd7 19. Qb3 d5 20. Qxb7 Reb8 21. Nxe5 Rxb7 22. Nxd7 Nxd7 23. exd5 Nc5 24. d4 Nd3 25. Re2 Nxc1 26. Rxc1 g6 27. Ne7+ Bxe7 28. Rxe7 Rxb2 29. Rxc7 Rd8 30. c4 Rd2 31. Ra1 Rxd4 32. Rxa6 Re8 33. Rf6 h5 34. g3 h4 35. Kg2 hxg3 36. Kxg3 Rd3+ 37. f3 Re1 38. Rfxf7 Rd2 39. Rg7+ Kf8 40. Rh7 Rg1+ 41. Kf4 g5+ 42. Kf5 Kg8 43. Kg6 1-0


[Site "https://www.chess.com"]

[Event "Titled Tuesday Blitz April 26 Late 2022"]
[White "Krstulovic, Alex"]
[Black "Atanejhad, Sahebali"]
[WhiteFideId "760056"]
[BlackFideId "12506664"]
[WhiteElo "2193"]
[BlackElo "1953"]
[Result "0-1"]
[Round "07"]
[TimeControl "180+1"]
[Date "2022.04.26"]
[WhiteClock "0:00:49"]
[BlackClock "0:00:17"]

1. e4 c5 2. Nf3 g6 3. c3 d5 4. exd5 Qxd5 5. d4 Nf6 6. Be2 Bg7 7. dxc5 Qxc5 8. Be3 Qc7 9. Na3 a6 10. Nc4 Nbd7 11. O-O b5 12. Ncd2 Bb7 13. Nd4 O-O 14. Bf3 Bxf3 15. N2xf3 e5 16. Nb3 Rfd8 17. Qe2 e4 18. Nfd4 Nd5 19. a4 b4 20. c4 Nf4 21. Bxf4 Qxf4 22. Nc6 Re8 23. Rad1 Ne5 24. Nxe5 Qxe5 25. Nd4 Rac8 26. b3 f5 27. c5 Qxc5 28. Nxf5 Qxf5 29. Qxa6 Rc2 30. Qb7 Rf8 31. Qxb4 Rxf2 32. Rfe1 Be5 33. Qc4+ Kh8 34. Rxe4 Rxg2+ 35. Kxg2 Qf3+ 36. Kg1 Qf2+ 0-1


[Site "https://www.chess.com"]

[Event "Titled Tuesday Blitz April 26 Late 2022"]
[White "Lashkin, Jegor"]
[Black "Omariev, Maksim"]
[WhiteFideId "13907808"]
[BlackFideId "4193423"]
[WhiteElo "2368"]
[BlackElo "2517"]
[Result "1-0"]
[Round "07"]
[TimeControl "180+1"]
[Date "2022.04.26"]
[WhiteClock "0:01:42"]
[BlackClock "0:00:46"]

1. d4 Nf6 2. c4 c5 3. d5 e6 4. Nc3 exd5 5. cxd5 d6 6. e4 g6 7. h3 Bg7 8. Bd3 O-O 9. Nf3 Re8 10. O-O a6 11. a4 Nbd7 12. Bf4 Qe7 13. Re1 Nh5 14. Bh2 Ne5 15. Be2 Nxf3+ 16. Bxf3 Be5 17. Bxh5 Bxh2+ 18. Kxh2 Qe5+ 19. g3 Qxh5 20. Qxh5 gxh5 21. f4 f6 22. Ra3 b6 23. Nb1 Bd7 24. Nd2 b5 25. axb5 axb5 26. Rea1 Rxa3 27. Rxa3 Kf7 28. Ra7 Ke7 29. Kg2 Rc8 30. Nf3 Kd8 31. e5 fxe5 32. fxe5 dxe5 33. Nxe5 Bf5 34. Nf7+ 1-0


[Site "https://www.chess.com"]